SNL (28 & UNDER)
NEW HAMPSHIRE FISHER CATS @ GAINESVILLE GUIDOS
09/10/2023
 
TOP OF THE 1ST
New Hampshire Fisher Cats batting - Pitching for Gainesville Guidos : RHP Dave Riley
Pitching: RHP Dave Riley
Batting: RHB Matt Silver 0-0: Foul Ball, location: 2F
0-1: Ball
1-1: Foul Ball, location: 2F
1-2: Strikes out swinging
Batting: RHB Anthony Hezell 0-0: Called Strike
0-1: Swinging Strike
0-2: Foul Ball, location: 2F
0-2: Ball
1-2: SINGLE (Line Drive, 7LS)
Batting: LHB Sam Barnes 0-0: Ball
1-0: Called Strike
1-1: Foul Ball, location: 2F
1-2: Ball
2-2: Reached on error, E4 (Groundball, 34)
Anthony Hezell to second
Batting: RHB Lu-fang Huie 0-0: Ball
1-0: Foul Ball, location: 2F
1-1: Ball
2-1: Foul Ball, location: 2F
2-2: Foul Ball, location: 2F
2-2: Foul Ball, location: 2F
2-2: Foul Ball, location: 2F
2-2: Foul Ball, location: 2F
2-2: Ball
3-2: SINGLE (Line Drive, 7LM)
Anthony Hezell to third
Sam Barnes to second
Runner from 3rd tries for Home, SAFE, throw made home
Sam Barnes to third
Lu-fang Huie to second
Batting: RHB Keith Ford 0-0: Called Strike
0-1: Called Strike
0-2: SINGLE (Line Drive, 4MD)
Sam Barnes scores
Lu-fang Huie to third
Runner from 3rd tries for Home, SAFE, no throw or cutoff
Batting: RHB Phil Matthews Pickoff Throw to First - Out!
0-0: Ball
1-0: Foul Ball, location: 2F
1-1: Ball
2-1: Reached on error, E5 (Groundball, 5S)
Batting: RHB Billy Campbell 0-0: Called Strike
0-1: Ball
Phil Matthews steals 2nd base
1-1: Fly out, F8 (Flyball, 8LM)
Top of the 1st over - 3 run(s), 3 hit(s), 2 error(s), 1 left on base; New Hampshire 3 - Gainesville 0
BOTTOM OF THE 1ST
Gainesville Guidos batting - Pitching for New Hampshire Fisher Cats : RHP Paul Ewing
Pitching: RHP Paul Ewing
Batting: SHB Reynaldo Gallegos 0-0: Called Strike
0-1: Called Strike
0-2: Ball
1-2: Ground out 4-3 (Groundball, 4)
Batting: RHB José Fernández 0-0: Ball
1-0: Swinging Strike
1-1: Foul Ball, location: 2F
1-2: Ball
2-2: Foul Ball, location: 2F
2-2: Foul Ball, location: 2F
2-2: SOLO HOME RUN (Flyball, 7D), Distance : 380 ft
Batting: LHB Ed Hart 0-0: Ball
1-0: Ball
2-0: Ball
3-0: Base on Balls
Batting: LHB David Murphy 0-0: Swinging Strike
0-1: Ball
1-1: Ball
2-1: Foul Ball, location: 2F
2-2: Ball
3-2: Base on Balls
Ed Hart to second
Batting: RHB Pedro Mata 0-0: Ball
1-0: Fly out, F7 (Line Drive, 7M)
Batting: RHB Noriyori Ine 0-0: Foul Ball, location: 2F
0-1: Ball
1-1: Called Strike
1-2: Ball
2-2: Fly out, F7 (Flyball, 78D)
Bottom of the 1st over - 1 run(s), 1 hit(s), 0 error(s), 2 left on base; New Hampshire 3 - Gainesville 1
TOP OF THE 2ND
New Hampshire Fisher Cats batting - Pitching for Gainesville Guidos : RHP Dave Riley
Batting: RHB José Hernández 0-0: Ball
1-0: Ball
2-0: Ball
3-0: Base on Balls
Batting: RHB Michael Woodruff 0-0: Called Strike
0-1: Ball
1-1: Ball
2-1: Ground out 5-3 (Groundball, 56S)
José Hernández to second
Batting: RHB Matt Silver 0-0: Ball
1-0: SINGLE (Line Drive, 34)
José Hernández to third
Runner from 3rd tries for Home, SAFE, no throw or cutoff
Batting: RHB Anthony Hezell 0-0: Ball
1-0: Grounds into double play, 6-4-3 (Groundball, 6)
Top of the 2nd over - 1 run(s), 1 hit(s), 0 error(s), 0 left on base; New Hampshire 4 - Gainesville 1
BOTTOM OF THE 2ND
Gainesville Guidos batting - Pitching for New Hampshire Fisher Cats : RHP Paul Ewing
Batting: RHB Jason Erickson 0-0: Called Strike
0-1: Foul Ball, location: 2F
0-2: Foul Ball, location: 2F
0-2: Ball
1-2: Ball
2-2: SINGLE (Groundball, 56)
Batting: RHB Mitch Thomas 0-0: Ball
1-0: Called Strike
1-1: Ball
2-1: Ball
3-1: Foul Ball, location: 2F
3-2: Base on Balls
Jason Erickson to second
Batting: RHB Iván Moreno 0-0: Ball
1-0: Fielders Choice at 2nd, 1-6 (Groundball, 13S)
Jason Erickson to third
Batting: SHB Reynaldo Gallegos 0-0: Called Strike
0-1: Grounds into double play, U4-3 (Groundball, 4)
Bottom of the 2nd over - 0 run(s), 1 hit(s), 0 error(s), 1 left on base; New Hampshire 4 - Gainesville 1
TOP OF THE 3RD
New Hampshire Fisher Cats batting - Pitching for Gainesville Guidos : RHP Dave Riley
Batting: LHB Sam Barnes 0-0: Ball
1-0: Foul Ball, location: 2F
1-1: Ball
2-1: Hit by Pitch
Batting: RHB Lu-fang Huie 0-0: Ball
1-0: Foul Ball, location: 2F
1-1: Ball
2-1: Called Strike
2-2: Foul Ball, location: 2F
2-2: Foul Ball, location: 2F
2-2: Ball
3-2: Foul Ball, location: 2F
3-2: Fly out, F9 (Flyball, 9M)
3-2: Fly out, F9 (Flyball, 9M)
Batting: RHB Keith Ford 0-0: Ball
1-0: SINGLE (Groundball, 34)
Sam Barnes to second
Runner from 2nd tries for 3rd, SAFE, no throw or cutoff
Batting: RHB Phil Matthews 0-0: Foul Ball, location: 2F
0-1: Fly out, F7 (Flyball, 7D)
Runner from 3rd tags up, SCORES, no throw
Batting: RHB Billy Campbell 0-0: Called Strike
0-1: Ball
1-1: SINGLE (Groundball, 6)
Keith Ford to second
Batting: RHB José Hernández 0-0: Called Strike
0-1: Ball
1-1: Foul Ball, location: 2F
1-2: Foul Ball, location: 2F
1-2: Fly out, F7 (Flyball, 7M)
Top of the 3rd over - 1 run(s), 2 hit(s), 0 error(s), 2 left on base; New Hampshire 5 - Gainesville 1
BOTTOM OF THE 3RD
Gainesville Guidos batting - Pitching for New Hampshire Fisher Cats : RHP Paul Ewing
Batting: RHB José Fernández 0-0: Called Strike
0-1: Ball
1-1: Ball
2-1: Foul Ball, location: 2F
2-2: Foul Ball, location: 2F
2-2: Foul Ball, location: 2F
2-2: DOUBLE (Flyball, 89D)
Batting: LHB Ed Hart 0-0: Ball
1-0: Foul Ball, location: 2F
1-1: Fly out, F7 (Flyball, 7LM)
Batting: LHB David Murphy 0-0: Called Strike
0-1: Foul Ball, location: 2F
0-2: SINGLE (Groundball, 56D)
José Fernández to third
Runner from 3rd tries for Home, SAFE, throw made home
David Murphy to second
Batting: RHB Pedro Mata 0-0: Ball
1-0: Ball
2-0: Ground out 6-3 (Groundball, 6M)
David Murphy to third
Batting: RHB Noriyori Ine 0-0: Fly out, F9 (Line Drive, 9M)
Bottom of the 3rd over - 1 run(s), 2 hit(s), 0 error(s), 1 left on base; New Hampshire 5 - Gainesville 2
TOP OF THE 4TH
New Hampshire Fisher Cats batting - Pitching for Gainesville Guidos : RHP Dave Riley
Batting: RHB Michael Woodruff 0-0: Ball
1-0: Ball
2-0: Called Strike
2-1: Ball
3-1: Ground out 5-3 (Groundball, 56)
Batting: RHB Matt Silver 0-0: Called Strike
0-1: Foul Ball, location: 2F
0-2: TRIPLE (Line Drive, 78D)
Batting: RHB Anthony Hezell 0-0: Called Strike
0-1: SINGLE (Line Drive, 8RS)
Matt Silver scores
Batting: LHB Sam Barnes 0-0: Swinging Strike
0-1: Ball
1-1: Ball
2-1: Ball
3-1: Swinging Strike
3-2: Strikes out swinging
Batting: RHB Lu-fang Huie 0-0: Called Strike
Pickoff Throw by Catcher to First - Error! E2
Anthony Hezell to second
0-1: Ball
1-1: Ball
2-1: Ball
3-1: Base on Balls
Batting: RHB Keith Ford 0-0: Ball
1-0: Ball
2-0: Ground out 5-3 (Groundball, 56)
Top of the 4th over - 1 run(s), 2 hit(s), 1 error(s), 2 left on base; New Hampshire 6 - Gainesville 2
BOTTOM OF THE 4TH
Gainesville Guidos batting - Pitching for New Hampshire Fisher Cats : RHP Paul Ewing
Batting: RHB Jason Erickson 0-0: Called Strike
0-1: Fly out, F8 (Flyball, 78M)
Batting: RHB Mitch Thomas 0-0: Foul Ball, location: 2F
0-1: SOLO HOME RUN (Flyball, 7D), Distance : 363 ft
Batting: RHB Iván Moreno 0-0: SINGLE (Line Drive, 8RS)
Batting: SHB Reynaldo Gallegos 0-0: Called Strike
0-1: Grounds into double play, U4-3 (Groundball, 4M)
Bottom of the 4th over - 1 run(s), 2 hit(s), 0 error(s), 0 left on base; New Hampshire 6 - Gainesville 3
TOP OF THE 5TH
New Hampshire Fisher Cats batting - Pitching for Gainesville Guidos : RHP Dave Riley
Pitching: RHP Pat Wright
Batting: RHB Phil Matthews 0-0: Called Strike
0-1: Ball
1-1: Ground out 6-3 (Groundball, 6M)
Batting: RHB Billy Campbell 0-0: Swinging Strike
0-1: Ball
1-1: Ground out 1-3 (Groundball, 13)
Batting: RHB José Hernández 0-0: Ball
1-0: Called Strike
1-1: Called Strike
1-2: Strikes out swinging
Top of the 5th over - 0 run(s), 0 hit(s), 0 error(s), 0 left on base; New Hampshire 6 - Gainesville 3
BOTTOM OF THE 5TH
Gainesville Guidos batting - Pitching for New Hampshire Fisher Cats : RHP Paul Ewing
Batting: RHB José Fernández 0-0: Fly out, F3 (Popup, 3SF)
Batting: LHB Ed Hart 0-0: Ball
1-0: Ball
2-0: Ground out 5-3 (Groundball, 15S)
Batting: LHB David Murphy 0-0: Ball
1-0: Fly out, F8 (Flyball, 8LXD)
Bottom of the 5th over - 0 run(s), 0 hit(s), 0 error(s), 0 left on base; New Hampshire 6 - Gainesville 3
TOP OF THE 6TH
New Hampshire Fisher Cats batting - Pitching for Gainesville Guidos : RHP Pat Wright
Batting: RHB Michael Woodruff 0-0: Ball
1-0: Called Strike
1-1: Ball
2-1: Called Strike
2-2: Foul Ball, location: 2F
2-2: SOLO HOME RUN (Flyball, 8RXD), Distance : 414 ft
Batting: RHB Matt Silver 0-0: Called Strike
0-1: Ground out 6-3 (Groundball, 6)
Batting: RHB Anthony Hezell 0-0: Called Strike
0-1: Ground out 6-3 (Groundball, 6)
Batting: LHB Sam Barnes 0-0: Called Strike
0-1: Foul Ball, location: 2F
0-2: Foul Ball, location: 2F
0-2: Foul Ball, location: 2F
0-2: Ball
1-2: Ball
2-2: SOLO HOME RUN (Flyball, 9D), Distance : 355 ft
Batting: RHB Lu-fang Huie 0-0: Ball
1-0: SINGLE (Groundball, 56D)
Batting: RHB Keith Ford 0-0: Called Strike
0-1: Fly out, F6 (Popup, 6)
Top of the 6th over - 2 run(s), 3 hit(s), 0 error(s), 1 left on base; New Hampshire 8 - Gainesville 3
BOTTOM OF THE 6TH
Gainesville Guidos batting - Pitching for New Hampshire Fisher Cats : RHP Paul Ewing
Batting: RHB Pedro Mata 0-0: Called Strike
0-1: Called Strike
0-2: Ball
1-2: Ball
2-2: SINGLE (Line Drive, 6M)
Batting: RHB Noriyori Ine 0-0: Ball
1-0: Fly out, F8 (Flyball, 8LXD)
Pitching: RHP Ramón Pérez
Batting: RHB Jason Erickson 0-0: Ball
1-0: Called Strike
1-1: Ball
2-1: Foul Ball, location: 2F
2-2: Strikes out swinging
Batting: RHB Mitch Thomas 0-0: Called Strike
0-1: Ball
1-1: Foul Ball, location: 2F
1-2: SINGLE (Line Drive, 4D)
Pedro Mata to second
Batting: RHB Iván Moreno 0-0: Called Strike
0-1: Ball
1-1: Foul Ball, location: 2F
1-2: Hit by Pitch
Pedro Mata to third
Mitch Thomas to second
Batting: SHB Reynaldo Gallegos 0-0: Called Strike
0-1: Fly out, F7 (Flyball, 7S)
Bottom of the 6th over - 0 run(s), 2 hit(s), 0 error(s), 3 left on base; New Hampshire 8 - Gainesville 3
TOP OF THE 7TH
New Hampshire Fisher Cats batting - Pitching for Gainesville Guidos : RHP Pat Wright
Pitching: RHP Keith Elkins
Batting: RHB Phil Matthews 0-0: Called Strike
0-1: Ball
1-1: SINGLE (Line Drive, 6MD)
Batting: RHB Billy Campbell 0-0: Ball
1-0: TRIPLE (Flyball, 89XD)
Phil Matthews scores
Batting: RHB José Hernández 0-0: Ball
1-0: 2-RUN HOME RUN (Flyball, 7LD), Distance : 338 ft
Batting: RHB Michael Woodruff 0-0: Called Strike
0-1: Ball
1-1: Called Strike
1-2: Strikes out swinging
Batting: RHB Matt Silver 0-0: Swinging Strike
0-1: Foul Ball, location: 2F
0-2: Foul Ball, location: 2F
0-2: Ball
1-2: Strikes out swinging
Batting: RHB Anthony Hezell 0-0: Ball
1-0: Called Strike
1-1: Ball
2-1: Foul Ball, location: 2F
2-2: SOLO HOME RUN (Flyball, 8RXD), Distance : 411 ft
Batting: LHB Sam Barnes 0-0: Called Strike
0-1: Ball
1-1: Ball
2-1: Called Strike
2-2: Ground out 4-3 (Groundball, 4M)
Top of the 7th over - 4 run(s), 4 hit(s), 0 error(s), 0 left on base; New Hampshire 12 - Gainesville 3
BOTTOM OF THE 7TH
Gainesville Guidos batting - Pitching for New Hampshire Fisher Cats : RHP Ramón Pérez
Batting: RHB José Fernández 0-0: Called Strike
0-1: Ball
1-1: Swinging Strike
1-2: Ball
2-2: Strikes out looking
Batting: LHB Ed Hart 0-0: Ball
1-0: Ball
2-0: Ball
3-0: Base on Balls
Batting: LHB David Murphy 0-0: Ball
1-0: Ball
2-0: Ball
3-0: Called Strike
3-1: Base on Balls
Ed Hart to second
Batting: RHB Pedro Mata 0-0: Called Strike
0-1: Ball
1-1: Called Strike
1-2: Strikes out swinging
Pitching: RHP Jorge Flores
Batting: RHB Noriyori Ine 0-0: Called Strike
0-1: Ball
1-1: Ball
2-1: Ball
3-1: Base on Balls
Ed Hart to third
David Murphy to second
Batting: RHB Jason Erickson 0-0: Ball
1-0: SINGLE (Groundball, 34S)
Ed Hart scores
David Murphy to third
Noriyori Ine to second
Runner from 3rd tries for Home, SAFE, no throw or cutoff
Batting: RHB Mitch Thomas 0-0: Ball
1-0: Ball
2-0: Ball
3-0: Called Strike
3-1: Base on Balls
Noriyori Ine to third
Jason Erickson to second
Batting: RHB Iván Moreno 0-0: Swinging Strike
0-1: Ball
1-1: Foul Ball, location: 2F
1-2: Foul Ball, location: 2F
1-2: Ball
2-2: Foul Ball, location: 2F
2-2: Strikes out looking
Bottom of the 7th over - 2 run(s), 1 hit(s), 0 error(s), 3 left on base; New Hampshire 12 - Gainesville 5
TOP OF THE 8TH
New Hampshire Fisher Cats batting - Pitching for Gainesville Guidos : RHP Keith Elkins
Batting: RHB Lu-fang Huie 0-0: Called Strike
0-1: Ball
1-1: Swinging Strike
1-2: Strikes out swinging
Batting: RHB Keith Ford 0-0: Ball
1-0: Ball
2-0: Swinging Strike
2-1: Ball
3-1: Foul Ball, location: 2F
3-2: Strikes out swinging
Batting: RHB Phil Matthews 0-0: Ground out 6-3 (Groundball, 6M)
Top of the 8th over - 0 run(s), 0 hit(s), 0 error(s), 0 left on base; New Hampshire 12 - Gainesville 5
BOTTOM OF THE 8TH
Gainesville Guidos batting - Pitching for New Hampshire Fisher Cats : RHP Jorge Flores
Now at 3B: Scott Briggs
Now in CF: Sadao Kimura
Batting: SHB Reynaldo Gallegos 0-0: Foul Ball, location: 2F
0-1: Called Strike
0-2: SOLO HOME RUN (Flyball, 9LD), Distance : 334 ft
Batting: RHB José Fernández 0-0: Ball
1-0: Swinging Strike
1-1: Foul Ball, location: 2F
1-2: Fly out, F7 (Line Drive, 7S)
Batting: LHB Ed Hart 0-0: Called Strike
0-1: Ball
1-1: Swinging Strike
1-2: Strikes out swinging
Batting: LHB David Murphy 0-0: Called Strike
0-1: Ball
1-1: Called Strike
1-2: Foul Ball, location: 2F
1-2: Strikes out looking
Bottom of the 8th over - 1 run(s), 1 hit(s), 0 error(s), 0 left on base; New Hampshire 12 - Gainesville 6
TOP OF THE 9TH
New Hampshire Fisher Cats batting - Pitching for Gainesville Guidos : RHP Keith Elkins
Pitching: LHP Pedro Flores
Batting: RHB Billy Campbell 0-0: Called Strike
0-1: Called Strike
0-2: Ground out 5-3 (Groundball, 56)
Batting: RHB José Hernández 0-0: Foul Ball, location: 2F
0-1: Fly out, F6 (Popup, 6S)
Batting: RHB Michael Woodruff 0-0: Ball
1-0: Called Strike
1-1: Foul Ball, location: 2F
1-2: Strikes out swinging
Top of the 9th over - 0 run(s), 0 hit(s), 0 error(s), 0 left on base; New Hampshire 12 - Gainesville 6
BOTTOM OF THE 9TH
Gainesville Guidos batting - Pitching for New Hampshire Fisher Cats : RHP Jorge Flores
Pitching: RHP Armando Rodríguez
Batting: RHB Pedro Mata 0-0: Swinging Strike
0-1: Foul Ball, location: 2F
0-2: SINGLE (Groundball, 56)
Batting: RHB Noriyori Ine 0-0: Called Strike
0-1: Ball
1-1: Ball
2-1: Called Strike
2-2: Strikes out swinging
Batting: RHB Jason Erickson 0-0: Ball
1-0: Foul Ball, location: 2F
1-1: SINGLE (Line Drive, 56D)
Pedro Mata to second
Batting: RHB Mitch Thomas 0-0: SINGLE (Line Drive, 3L)
Pedro Mata to third
Jason Erickson to second
Runner from 3rd tries for Home, SAFE, no throw or cutoff
Batting: RHB Iván Moreno 0-0: Ball
1-0: Swinging Strike
1-1: Fly out, F8 (Line Drive, 8RM)
Batting: SHB Reynaldo Gallegos 0-0: Ball
1-0: Ball
2-0: Called Strike
2-1: Ball
3-1: SINGLE (Line Drive, 4M)
Jason Erickson to third
Mitch Thomas to second
Runner from 3rd tries for Home, SAFE, no throw or cutoff
Pitching: LHP Carlos Berru
Batting: RHB José Fernández 0-0: Reached on error, E5 (Groundball, 5D)
Mitch Thomas to third
Reynaldo Gallegos to second
Pinch Hitting: RHB Satoru Daikawa 0-0: Called Strike
0-1: Foul Ball, location: 2F
0-2: Ball
1-2: Ball
2-2: Strikes out looking
Bottom of the 9th over - 2 run(s), 4 hit(s), 1 error(s), 3 left on base; New Hampshire 12 - Gainesville 8
This league is powered by Out of the Park Baseball, the baseball management simulation game for PC, Mac and Linux
Wednesday, December 2nd, 2015 - OOTP Baseball 16.8 Build 38